 Dungeon Crawl Stone Soup version 0.22-a0-614-g34fbaa0 (webtiles) character file.

155359 royokou the Bludgeoner (level 17, -15/146 HPs)
             Began as a Grey Draconian Conjurer on July 11, 2018.
             Was a High Priest of Sif Muna.
             Demolished by an emperor scorpion (22 damage)
             ... on level 4 of the Spider Nest on July 12, 2018.
             The game lasted 04:49:12 (54886 turns).

royokou the Bludgeoner (Grey Draconian Conjurer)   Turns: 54886, Time: 04:49:13

Health: -15/146    AC: 18    Str:  3 (11) XL:     17   Next: 8%
Magic:  2/39       EV: 17    Int: 15 (22) God:    Sif Muna [*****.]
Gold:   2573       SH:  0    Dex:  9 (17) Spells: 4/35 levels left

rFire    + + .     SeeInvis .   z - +5 morningstar (freeze)
rCold    + . .     Gourm    .   (no shield)
rNeg     + + .     Faith    .   (armour unavailable)
rPois    +         Spirit   .   (helmet restricted)
rElec    .         Reflect  .   Q - +1 cloak of the Devil {rF+ rC+ rN++ rCorr Dex-2}
rCorr    +         Harm     .   h - +0 pair of gloves
MR       ++...                  X - +0 pair of boots
Stlth    ++........             E - amulet of magic regeneration
HPRegen  0.34/turn              I - ring "Damnable Contraption" {rPois MR+ MP+9 Dex+7}
MPRegen  0.51/turn              P - ring of protection from fire

@: divine energy
A: walk through water, unfitting armour, unbreathing, cold-blooded, AC +14
a: Stop Divine Energy, Channel Magic, Forget Spell, Renounce Religion


You were on level 4 of the Spider Nest.
You worshipped Sif Muna.
Sif Muna was extremely pleased with you.
You were near starving.

You visited 5 branches of the dungeon, and saw 28 of its levels.
You also visited: Sewer.

You collected 3288 gold pieces.
You spent 715 gold pieces at shops.

Inventory:

Hand Weapons
 z - a +5 morningstar of freezing (weapon)
 H - a +0 great mace
 Z - a +0 morningstar of holy wrath
Armour
 h - a +0 pair of gloves (worn)
 K - a +2 cloak
 Q - the +1 cloak of the Devil (worn) {rF+ rC+ rN++ rCorr Dex-2}
   (You acquired it on level 4 of the Spider Nest)

   It affects your dexterity (-2).
   It protects you from fire.
   It protects you from cold.
   It greatly protects you from negative energy.
   It provides partial protection from all sources of acid and corrosion.
 X - a +0 pair of boots (worn)
Magical Staves
 D - an uncursed staff of poison
 F - an uncursed staff of cold
Jewellery
 e - an uncursed ring of wizardry
 m - a +2 amulet of reflection
 E - an amulet of magic regeneration (around neck)
 I - the ring "Damnable Contraption" (left hand) {rPois MR+ MP+9 Dex+7}
   (You bought it in a shop on level 5 of the Dungeon)

   [ring of magical power]

   It affects your dexterity (+7).
   It protects you from poison.
   It affects your resistance to hostile enchantments.
   It affects your magic capacity (+9).
 L - an uncursed ring of ice
 P - a ring of protection from fire (right hand)
 U - the ring "Miaho" {rPois rC+ rN+++ Str-3 Int-2, unknown}
   (You found it on level 14 of the Dungeon)

   [ring of poison resistance]

   It affects your strength (-3).
   It affects your intelligence (-2).
   It protects you from cold.
   It protects you from poison.
   It renders you almost immune to negative energy.
 W - an uncursed amulet of guardian spirit {unknown}
Wands
 a - a wand of polymorph (41)
 r - a wand of acid (33)
 w - a wand of flame (100)
 y - a wand of iceblast (33)
 B - a wand of random effects (94)
 O - a wand of paralysis (12)
 S - a wand of disintegration (20)
 V - a wand of digging (5)
Scrolls
 d - 10 scrolls of remove curse
 g - 2 scrolls of immolation
 l - a scroll of holy word
 q - 3 scrolls of vulnerability
 s - 5 scrolls of amnesia
 t - 6 scrolls of enchant armour
 C - a scroll of summoning
 G - 2 scrolls of fear
 M - a scroll of teleportation
 T - 3 scrolls of fog
Potions
 c - 7 potions of curing
 f - 8 potions of brilliance
 i - a potion of ambrosia
 n - a potion of invisibility
 p - a potion of haste
 u - 6 potions of flight
 v - 3 potions of magic
 x - 5 potions of might
 A - 3 potions of agility
 N - 2 potions of berserk rage
 R - a potion of cancellation
Miscellaneous
 j - a crystal ball of energy
 J - a sack of spiders
Comestibles
 b - 12 rations


   Skills:
 + Level 12.1 Fighting
 + Level 15.6 Maces & Flails
 + Level 10.5 Dodging
 - Level 1.7 Stealth
 + Level 9.5 Spellcasting
 - Level 13.3 Conjurations
 - Level 5.0 Hexes
 - Level 4.9 Translocations
 - Level 12.5 Fire Magic
   Level 3.7 Poison Magic


You had 4 spell levels left.
You knew the following spells:

 Your Spells              Type           Power        Failure   Level  Hunger
a - Magic Dart            Conj           ####         1%          1    None
b - Searing Ray           Conj           #####.       1%          2    None
c - Dazzling Spray        Conj/Hex       ####..       1%          3    #......
d - Iskenderun's Mystic   Conj           #####...     1%          4    ###....
e - Fulminant Prism       Conj/Hex       ####......   2%          4    ###....
f - Force Lance           Conj/Tloc      ####....     2%          4    ###....
g - Bolt of Fire          Conj/Fire      #####.....   8%          6    ######.
h - Blink                 Tloc           N/A          1%          2    None
i - Fireball              Conj/Fire      #####.....   1%          5    #####..

Your spell library contained the following spells:

 Spells                   Type           Power        Failure   Level  Hunger
 Cause Fear               Hex            ###.......   13%         4    ###....
 Conjure Flame            Conj/Fire      #####...     1%          3    #......
 Lightning Bolt           Conj/Air       ####......   19%         5    #####..
 Slow                     Hex            ###.....     1%          2    None
 Confuse                  Hex            ###.....     3%          3    #......
 Throw Flame              Conj/Fire      #####.       1%          2    None
 Controlled Blink         Tloc           N/A          100%        8    #######
 Freezing Cloud           Conj/Ice/Air   ###.......   94%         6    ######.
 Mephitic Cloud           Conj/Pois/Air  ###.....     3%          3    #......
 Ring of Flames           Chrm/Fire      ####......   100%        7    #######
 Venom Bolt               Conj/Pois      ####......   9%          5    #####..
 Olgreb's Toxic Radiance  Pois           ###.....     22%         4    ###....
 Summon Small Mammal      Summ           #...         11%         1    None
 Fire Storm               Conj/Fire      #####.....   100%        9    #######
 Sticky Flame             Conj/Fire      #####...     1%          4    ###....
 Call Imp                 Summ           #.......     16%         2    None
 Poison Arrow             Conj/Pois      ####......   43%         6    ######.
 Sting                    Conj/Pois      ####         1%          1    None
 Sublimation of Blood     Necr           #.........   16%         2    None
 Tukima's Dance           Hex            ###.....     3%          3    #......
 Shock                    Conj/Air       ####         1%          1    None
 Swiftness                Chrm/Air       #.......     16%         2    None
 Spider Form              Tmut/Pois      ##........   14%         3    #......
 Blade Hands              Tmut           #.........   96%         5    #####..
 Statue Form              Tmut/Erth      #........    100%        6    ######.
 Ice Form                 Ice/Tmut       #.......     71%         4    ###....
 Dragon Form              Tmut           #.........   100%        7    #######
 Necromutation            Tmut/Necr      #.........   100%        8    #######
 Death Channel            Necr           #.........   100%        6    ######.
 Airstrike                Air            #.........   71%         4    ###....
 Confusing Touch          Hex            ###...       1%          1    None
 Flame Tongue             Conj/Fire      #####        1%          1    None
 Ignite Poison            Fire/Tmut/Pois ###.....     3%          3    #......
 Sticks to Snakes         Tmut           #.......     16%         2    None
 Ensorcelled Hibernation  Hex/Ice        ##....       5%          2    None
 Metabolic Englaciation   Hex/Ice        ##........   71%         5    #####..
 Dispersal                Tloc           ###.......   90%         6    ######.
 Static Discharge         Conj/Air       ####....     1%          3    #......
 Corona                   Hex            ###....      1%          1    None
 Alistair's Intoxication  Tmut/Pois      ##......     78%         5    #####..
 Simulacrum               Ice/Necr       #.........   100%        6    ######.
 Portal Projectile        Hex/Tloc       ###...       4%          3    #......
 Petrify                  Tmut/Erth      #.......     71%         4    ###....
 Leda's Liquefaction      Hex/Erth       ##........   36%         4    ###....
 Shroud of Golubria       Chrm/Tloc      ##........   5%          2    None
 Inner Flame              Hex/Fire       ####....     1%          3    #......
 Beastly Appendage        Tmut           #.....       11%         1    None
 Summon Forest            Summ/Tloc      ##........   71%         5    #####..
 Summon Guardian Golem    Hex/Summ       ##......     11%         3    #......
 Hydra Form               Tmut           #.........   100%        6    ######.
 Irradiate                Conj/Tmut      ####......   19%         5    #####..
 Gell's Gravitas          Tloc           ###.......   4%          3    #......
 Yara's Violent Unravell  Hex/Tmut       ##........   71%         5    #####..
 Poisonous Vapours        Pois/Air       ##....       7%          2    None
 Ignition                 Fire           #####.....   98%         8    #######


Dungeon Overview and Level Annotations

Branches:
Dungeon (15/15)            Temple (1/1) D:5            Lair (6/6) D:10
 Shoals (0/4) Lair:2       Spider (4/4) Lair:3        Slime (0/5) Lair:5
    Orc (2/2) D:12            Elf (0/3) Orc:2        Vaults (0/5) D:14
 Depths (0/5) D:15

Altars:
Ashenzari
Cheibriados
Dithmenos
Elyvilon
Fedhas
Gozag
Hepliaklqana
Kikubaaqudgha
Makhleb
Nemelex Xobeh
Okawaru
Qazlal
Ru
Sif Muna
Trog
Uskayaw
Vehumet
Wu Jian
Xom
Yredelemnul
Zin
The Shining One
Jiyva

Shops:
D:4 !   D:5 ==!!=   D:11 *   D:15 :   Orc:2 ?(*!*

Portals:
Hell: Lair:6

Annotations:
Lair:6 2 runed doors, Dothro's ghost, journeyman OpTm
Orc:1 3 runed doors, exclusion: obsidian statue, Oddmanout259's ghost, novice DrFE


Innate Abilities, Weirdness & Mutations

You can walk through water.
Your dull iron-grey scales are very hard. (AC +14)
You cannot fit into any form of body armour.
You can survive without breathing.
You are cold-blooded and may be slowed by cold attacks.


Message History

There is a stone staircase leading up, spattered with blood here.
Casting: Blink (safe; 1% risk of failure)
Confirm with . or Enter, or press ? or * to list all spells.
You blink.
The emperor scorpion stings you!!
* * * LOW HITPOINT WARNING * * *
The emperor scorpion claws you.
* * * LOW HITPOINT WARNING * * *
The emperor scorpion claws you but does no damage.
Okay, then.
Casting: Blink (safe; 1% risk of failure)
Confirm with . or Enter, or press ? or * to list all spells.
Aiming: Fireball (safe; 1% risk of failure)
Press: ? - help, Shift-Dir - straight line, f/p - emperor scorpion
Aim: an emperor scorpion (lightly wounded, berserk, fast, unusually strong)
Okay, then.
Casting: Fireball (safe; 1% risk of failure)
Confirm with . or Enter, or press ? or * to list all spells.
You blink.
The emperor scorpion stings you!!
You die...

#
##≈.^####.........###.....####.
#.y.## #....^.......#..^.## ##
##..^# #.............#####
##.s.## #........#...^## ##..≈#
#..#.....#...^^# .y.≈##
#.####..##....## ^.^≈#
###..§..<.....# ...##
#....y......### ≈.##
##...s@.<...#.# ###
##..#....^.^.## #........^.^^#
#..#.......######
#####.^....^....# ####........#
##^......## #........##
##.#.....^#


You could see an emperor scorpion (berserk) and a moth of wrath.

Vanquished Creatures
  Rupert (Spider:1)
  Gastronok (D:9)
  Kirke (D:13)
  Agnes (D:14)
  3 emperor scorpions (Spider:3)
  4 ghost moths
  An emperor scorpion (shapeshifter) (D:15)
  An entropy weaver (Spider:3)
  A stone giant (Orc:1)
  4 spark wasps
  8 vault guards
  Josephine (D:14)
  A rakshasa (D:15)
  8 hydras
  A catoblepas (Lair:6)
  Harold (D:11)
  Fannar (Lair:1)
  Erica (D:8)
  11 two-headed ogres
  10 death yaks
  3 centaur warriors
  An ogre mage (D:15)
  2 tengu warriors (D:13)
  Nergalle (Lair:1)
  4 orc high priests (Orc:2)
  A sun demon (Lair:6)
  A fire crab (shapeshifter) (D:15)
  4 skeletal warriors (D:12)
  2 unseen horrors
  An orc knight (Orc:1)
  A deep elf mage (D:14)
  2 wizards
  4 oklob plants (Lair:4)
  19 orb spiders
  16 wolf spiders
  3 orc sorcerers
  11 ugly things
  A salamander (shapeshifter) (D:11)
  2 manticores
  3 cyclopes
  A moth of wrath (Spider:4)
  4 black mambas
  Maurice (D:11)
  6 elephants (Lair:4)
  An ice statue (D:14)
  A gargoyle (D:11)
  15 spiny frogs
  A torpor snail (Lair:6)
  A smoke demon (Lair:6)
  An orange demon (Lair:6)
  A torpor snail (shapeshifter) (D:15)
  4 rime drakes
  8 demonic crawlers
  2 kobold demonologists (D:8)
  An efreet (D:14)
  6 komodo dragons
  A tengu conjurer (D:10)
  9 trolls
  3 ice devils
  25 jumping spiders
  2 red devils (Lair:6)
  A polar bear (Lair:3)
  5 hornets
  18 blink frogs
  3 slime creatures (D:15)
  12 hippogriffs
  48 redbacks
  23 tarantellas
  A steam dragon (D:9)
  A water elemental (D:11)
  6 wraiths
  Eustachio (D:6)
  5 basilisks
  46 yaks
  A vampire (D:15)
  4 hogs (D:13)
  Grum (D:9)
  3 hungry ghosts
  2 wargs
  A soldier ant (D:14)
  3 hell hounds (Lair:6)
  6 water moccasins
  8 porcupines
  6 ice beasts
  30 orc warriors
  4 sky beasts
  3 black bears
  Purgy (Sewer)
  A necrophage (D:11)
  12 ogres
  10 wolves
  4 boggarts (D:15)
  3 phantoms
  18 centaurs
  7 crocodiles
  6 big kobolds
  Blork the orc (D:6)
  19 bullfrogs
  2 gnoll sergeants
  A wyvern zombie (D:12)
  A hornet simulacrum (D:15)
  3 scorpions
  15 killer bees
  6 wights
  A howler monkey (D:14)
  9 electric eels
  4 centaur zombies
  2 bullfrog zombies (D:12)
  2 crimson imps
  3 quasits
  6 jellies
  37 orc wizards
  10 hounds
  33 orc priests
  6 iguanas
  Jessica (D:2)
  Natasha (thrice) (D:2)
  8 worker ants
  2 hound zombies
  3 hound skeletons
  Robin (D:4)
  7 gnolls
  20 adders
  A river rat (D:4)
  4 shadow imps
  An adder zombie (D:5)
  5 worms
  3 dart slugs (D:1)
  6 leopard geckos
  71 orcs
  2 ball pythons
  12 giant cockroaches
  20 goblins
  8 hobgoblins
  15 jackals
  7 quokkas
  12 bats
  4 frilled lizards
  43 kobolds
  A quokka skeleton (D:7)
  A quokka zombie (D:6)
  5 rats
  A butterfly (Lair:4)
  2 fulminant prisms
  3 fungi
  6 plants
980 creatures vanquished.

Vanquished Creatures (others)
  A blink frog (Lair:5)
  A redback (Spider:3)
  A basilisk (D:10)
  A bush (Lair:5)
  279 fulminant prisms
  25 fungi
  31 plants
339 creatures vanquished.

Grand Total: 1319 creatures vanquished

Notes
Turn   | Place    | Note
-------+----------+-------------------------------------------
     0 | D:1      | royokou the Draconian Conjurer began the quest for the Orb.
     0 | D:1      | Reached XP level 1. HP: 14/14 MP: 3/3
   163 | D:1      | Reached XP level 2. HP: 20/20 MP: 0/5
   170 | D:1      | Learned a level 2 spell: Searing Ray
   960 | D:1      | Reached XP level 3. HP: 24/26 MP: 1/6
  1089 | D:1      | Learned a level 3 spell: Dazzling Spray
  1347 | D:2      | Noticed Robin
  1848 | D:2      | Reached skill level 5 in Conjurations
  2103 | D:1      | Reached XP level 4. HP: 26/33 MP: 2/8
  2483 | D:2      | Noticed Natasha
  2486 | D:2      | Killed Natasha
  2486 | D:2      | Noticed Natasha
  2491 | D:2      | Killed Natasha
  2491 | D:2      | Reached XP level 5. HP: 31/38 MP: 1/9
  2570 | D:2      | Noticed Jessica
  2572 | D:2      | Learned a level 4 spell: Iskenderun's Mystic Blast
  2573 | D:2      | Killed Jessica
  2668 | D:2      | Found a faded altar of an unknown god.
  2668 | D:2      | Found a sacrificial altar of Ru.
  2681 | D:2      | Found a glowing golden altar of the Shining One.
  2683 | D:2      | Found a blossoming altar of Fedhas.
  2684 | D:2      | Found a faded altar of an unknown god.
  2807 | D:2      | Found a faded altar of an unknown god.
  2854 | D:2      | Noticed Natasha
  2862 | D:2      | Killed Natasha
  4028 | D:3      | Reached XP level 6. HP: 29/45 MP: 1/11
  4514 | D:4      | Killed Robin
  4625 | D:4      | Reached skill level 1 in Hexes
  4692 | D:4      | Found a glowing drain.
  4696 | Sewer    | Entered a sewer
  4699 | Sewer    | Noticed Purgy
  4704 | Sewer    | Killed Purgy
  4868 | Sewer    | Your scales start taking on a dull iron-grey colour.
  4868 | Sewer    | Reached XP level 7. HP: 46/50 MP: 13/13
  4868 | Sewer    | Gained mutation: You can survive without breathing. [Grey Draconian growth]
  4917 | D:4      | Learned a level 4 spell: Fulminant Prism
  5086 | D:4      | Found a hazy altar of Hepliaklqana.
  5092 | D:4      | Found Iloirch's Distillery.
  5344 | D:5      | Entered Level 5 of the Dungeon
  5344 | D:5      | Found Uduqup's Distillery.
  5404 | D:5      | Found Wopy's Jewellery Boutique.
  5407 | D:5      | Bought an uncursed ring of poison resistance for 200 gold pieces
  5718 | D:5      | Found Agebrolu's Jewellery Shoppe.
  5965 | D:5      | Found Weabrul's Distillery.
  5993 | D:5      | Reached XP level 8. HP: 57/57 MP: 6/15
  6172 | D:5      | Found Nyaqaumn's Jewellery Emporium.
  6210 | D:5      | Found a staircase to the Ecumenical Temple.
  6216 | Temple   | Entered the Ecumenical Temple
  6315 | Temple   | Became a worshipper of Sif Muna the Loreminder
  6393 | D:5      | Reached skill level 5 in Spellcasting
  6807 | D:6      | Noticed Blork the orc
  6814 | D:6      | Killed Blork the orc
  6902 | D:6      | Noticed Eustachio
  6907 | D:5      | Reached * piety under Sif Muna
  7668 | D:6      | Reached XP level 9. HP: 62/62 MP: 12/17
  8270 | D:6      | Killed Eustachio
  8662 | D:7      | Learned a level 4 spell: Force Lance
  8665 | D:7      | Reached ** piety under Sif Muna
  8836 | D:7      | Reached skill level 10 in Conjurations
  8836 | D:7      | Reached skill level 1 in Translocations
  9197 | D:7      | Reached skill level 5 in Hexes
  9645 | D:8      | Reached *** piety under Sif Muna
  9688 | D:8      | Noticed Erica
  9743 | D:8      | Killed Erica
  9975 | D:8      | Reached XP level 10. HP: 57/69 MP: 3/20
 10720 | D:8      | Reached **** piety under Sif Muna
 10779 | D:8      | Noticed a two-headed ogre
 10787 | D:8      | Killed a two-headed ogre
 11410 | D:8      | Found a radiant altar of Vehumet.
 11956 | D:8      | Reached skill level 1 in Fighting
 12495 | D:9      | Reached ***** piety under Sif Muna
 12495 | D:9      | Received a gift from Sif Muna
 12563 | D:9      | Noticed Gastronok
 12840 | D:9      | Found a white marble altar of Elyvilon.
 13009 | D:9      | Noticed Grum
 13014 | D:9      | Reached XP level 11. HP: 84/84 MP: 14/22
 13018 | D:9      | Killed Grum
 14147 | D:9      | Killed Gastronok
 14147 | D:9      | Reached skill level 5 in Fighting
 14147 | D:9      | Reached skill level 5 in Dodging
 14297 | D:10     | Entered Level 10 of the Dungeon
 14547 | D:10     | Noticed a two-headed ogre
 14646 | D:9      | Killed a two-headed ogre
 15665 | D:10     | Found a staircase to the Lair.
 17616 | D:11     | Noticed Maurice
 17784 | D:11     | Reached XP level 12. HP: 102/102 MP: 12/23
 18231 | D:5      | Bought the ring "Damnable Contraption" {rPois MR+ MP+9 Dex+7} for 515 gold pieces
 18392 | Lair:1   | Entered Level 1 of the Lair of Beasts
 18762 | Lair:1   | Noticed Nergalle
 18775 | Lair:1   | Killed Nergalle
 18775 | Lair:1   | Reached skill level 1 in Maces & Flails
 18922 | Lair:1   | Noticed Fannar
 18944 | Lair:1   | Killed Fannar
 18944 | Lair:1   | Reached skill level 2 in Maces & Flails
 19501 | Lair:2   | Noticed a six-headed hydra
 19509 | Lair:2   | Killed a six-headed hydra
 19655 | Lair:2   | Identified Sif Muna's Incunabulum of Mutagenic Contamination
 19663 | Lair:2   | Learned a level 5 spell: Venom Bolt
 19678 | Lair:2   | Reached skill level 3 in Maces & Flails
 19691 | Lair:2   | Found a staircase to the Shoals.
 19711 | Lair:2   | Noticed a four-headed hydra
 19719 | Lair:2   | Killed a four-headed hydra
 19719 | Lair:2   | Reached skill level 1 in Poison Magic
 20025 | Lair:2   | Reached skill level 10 in Fighting
 20245 | Lair:2   | Reached skill level 4 in Maces & Flails
 21504 | Lair:3   | Found a hole to the Spider Nest.
 21517 | Lair:3   | Identified Sif Muna's Almanac of Heat and the Voyage (Sif Muna gifted it to you on level 3 of the Lair of Beasts)
 21517 | Lair:3   | Received a gift from Sif Muna
 21620 | Lair:3   | Reached skill level 5 in Maces & Flails
 22263 | Lair:4   | Noticed a six-headed hydra
 22273 | Lair:4   | Killed a six-headed hydra
 22273 | Lair:4   | Reached XP level 13. HP: 60/113 MP: 12/24
 22503 | Lair:3   | Learned a level 6 spell: Bolt of Fire
 22688 | Lair:4   | Reached skill level 1 in Fire Magic
 22886 | Lair:4   | Reached skill level 6 in Maces & Flails
 23587 | Lair:4   | Reached skill level 7 in Maces & Flails
 24550 | Lair:4   | Reached skill level 5 in Fire Magic
 25230 | Lair:5   | Reached skill level 8 in Maces & Flails
 25988 | Lair:5   | Reached skill level 9 in Maces & Flails
 26192 | Lair:5   | Found a viscous altar of Jiyva.
 26192 | Lair:5   | Found a staircase to the Slime Pits.
 26297 | Lair:5   | Identified Sif Muna's Guide on Supportive Darkness (Sif Muna gifted it to you on level 5 of the Lair of Beasts)
 26297 | Lair:5   | Received a gift from Sif Muna
 27240 | Lair:5   | Reached XP level 14. HP: 109/121 MP: 7/26
 27598 | Lair:6   | Entered Level 6 of the Lair of Beasts
 27655 | Lair:6   | Reached skill level 10 in Maces & Flails
 28174 | Lair:6   | Found a large runed door.
 28174 | Lair:6   | Found a large runed door.
 28181 | Lair:6   | Noticed Dothro's ghost (journeyman OpTm)
 28333 | Lair:6   | Found a burning altar of Makhleb.
 29510 | Lair:6   | Found a gateway to Hell.
 29518 | Lair:6   | Found the +8 storm bow {elec}
 30022 | D:11     | Noticed Harold
 30029 | D:11     | Killed Harold
 30318 | D:11     | Killed Maurice
 30859 | D:11     | Reached skill level 11 in Maces & Flails
 31010 | D:11     | Found Vudwiur's General Store.
 31383 | D:12     | Identified Feumutouch's Papyrus of Poison (Sif Muna gifted it to you on level 12 of the Dungeon)
 31383 | D:12     | Received a gift from Sif Muna
 31393 | D:12     | Learned a level 2 spell: Blink
 31558 | D:12     | Found a shimmering altar of Xom.
 31600 | D:12     | Reached skill level 10 in Fire Magic
 32917 | D:12     | Found a staircase to the Orcish Mines.
 33112 | Orc:1    | Entered Level 1 of the Orcish Mines
 33156 | Orc:2    | Entered Level 2 of the Orcish Mines
 33156 | Orc:2    | Noticed a stone giant
 33168 | Orc:1    | Killed a stone giant
 33585 | Orc:2    | Found Gojis's Magic Scroll Shoppe.
 33615 | Orc:2    | Found a staircase to the Elven Halls.
 34026 | Orc:2    | Reached skill level 12 in Maces & Flails
 35241 | Orc:2    | Found Ugur's Distillery.
 35241 | Orc:2    | Found Otuschuo's General Store.
 35242 | Orc:2    | Found Haoxib's Assorted Antiques.
 35245 | Orc:2    | Found Dainuq's Antique Weapon Shop.
 35857 | Orc:1    | Reached XP level 15. HP: 128/128 MP: 26/27
 36407 | Orc:1    | Found a runed gate.
 36408 | Orc:1    | Found a runed gate.
 36408 | Orc:1    | Found an opulent altar of Gozag.
 36410 | Orc:1    | Found a runed gate.
 36416 | Orc:1    | Noticed Oddmanout259's ghost (novice DrFE)
 36741 | D:12     | Received a gift from Sif Muna
 37692 | D:13     | Noticed Kirke
 37694 | D:13     | Noticed a sphinx
 37697 | D:13     | Noticed a sphinx
 37701 | D:13     | Killed Kirke
 38033 | D:14     | Found a shadowy altar of Dithmenos.
 38268 | D:14     | Reached skill level 13 in Maces & Flails
 38896 | D:14     | Found a gate to the Vaults.
 39449 | D:14     | Noticed Josephine
 39453 | D:14     | Killed Josephine
 39577 | D:14     | Noticed Agnes
 39583 | D:14     | Killed Agnes
 39815 | D:14     | Got a transparent turquoise ring
 39878 | D:15     | Entered Level 15 of the Dungeon
 40183 | D:15     | Found Robi's Book Shoppe.
 40438 | D:15     | Reached skill level 14 in Maces & Flails
 41522 | D:15     | Reached XP level 16. HP: 97/136 MP: 28/28
 41717 | D:15     | Found a staircase to the Depths.
 42176 | Spider:1 | Entered Level 1 of the Spider Nest
 43896 | Spider:1 | Noticed Rupert
 43898 | Spider:1 | Paralysed by Rupert for 2 turns
 43901 | Spider:1 | Killed Rupert
 45125 | Spider:2 | Reached skill level 15 in Maces & Flails
 47677 | Spider:4 | Entered Level 4 of the Spider Nest
 48084 | Spider:3 | Reached skill level 10 in Dodging
 49339 | Spider:4 | Identified 2 scrolls of acquirement
 49343 | Spider:4 | Got a spiked cloak
 49354 | Spider:4 | Identified the +1 cloak of the Devil {rF+ rC+ rN++ rCorr Dex-2} (You acquired it on level 4 of the Spider Nest)
 51545 | Spider:4 | Received a gift from Sif Muna
 51675 | Spider:4 | Learned a level 5 spell: Fireball
 51997 | Spider:4 | Reached XP level 17. HP: 62/146 MP: 0/30
 52759 | Spider:4 | Paralysed by a hornet for 3 turns
 54885 | Spider:4 | HP: 6/146 [emperor scorpion (6)]
 54886 | Spider:4 | Demolished by an emperor scorpion

Vault maps used:
D:1:      dpeg_arrival_snail, minmay_quantized
D:2:      chequers_temple_overflow_minitemple, chequers_ecumenical_altar_twisty,
          minivault_23, uniq_jessica, uniq_natasha, uniq_robin
D:3:      minmay_misc_feat_x, hangedman_abyss_or_decor_stabs,
          kennysheep_generic_room_5
D:4:      overflow_temple_1_default, gup_sewer_entry_spiral, serial_shops, shop
D:5:      minmay_temple_entry_enclosed_plants, serial_shops, shop_coins,
          nicolae_shop_crystal, shop, nicolae_shop_waterfront, shop,
          first_ration
D:6:      sword_in_stone
D:7:      skrybe_limestone_x
D:8:      nicolae_whirlpool, vehumet_altar_wand_db, kennysheep_generic_room_10,
          uniq_erica
D:9:      lemuel_coloured_pillars_altar, uniq_grum, uniq_gastronok
D:10:     minmay_lair_entry_grove, serial_bayou, serial_bayou_pond_b,
          serial_bayou_shore_b, serial_bayou_pond_e, serial_bayou_lake_a,
          serial_bayou_pond_b, serial_bayou_pond_b, grunt_tengu_nest
D:11:     serial_shops, shop, serial_bayou_lagoon_b, uniq_maurice, uniq_harold
D:12:     david_orc_4, lab_entry_generic, basic_altar, amethyst_killhole
D:13:     uniq_kirke
D:14:     erik_vaults_2, nicolae_dithmenos_shadow_blocks, spider_trap,
          roderic_lattice_a, st_stairs_4, minivault_15, roderic_roman_lattice,
          uniq_agnes, uniq_josephine
D:15:     gammafunk_enter_depths_forms, nicolae_sextant, serial_shops, shop
Temple:   kb_temple_of_zot
Lair:1:   grunt_megastairs_2, serial_bayou_shore_a, uniq_fannar, uniq_nergalle
Lair:2:   minmay_lair_venomous_thicket, shoals_dummy_entry
Lair:3:   spider_nest_entry_webs, st_stairs_13
Lair:4:   ldierk_geyser, minmay_lair_oklob_chamber, grunt_megastairs_5,
          lemuel_fruit_fields, lemuel_fruit_tree
Lair:5:   dpeg_slime_entry_enclosed_altar, beast_lair_carwin_11,
          grunt_megastairs_1, infiniplex_staircase_pool
Lair:6:   evil_forest, ebering_ghost_disaster_area, grunt_forest_stairs_basic
Spider:1: cheibrodos_forgotten_conduit, uniq_rupert
Spider:4: spider_rune_water
Orc:1:    ebering_ghost_gozag
Orc:2:    st_orc_mages, serial_shops, shop_statue
Sewer:    kennysheep_door_sewer

Skill      XL: |  1  2  3  4  5  6  7  8  9 10 11 12 13 14 15 16 |
---------------+-------------------------------------------------+-----
Conjurations   | 5 6 7 8 9 11 12 13 | 13.3
Spellcasting   | 3 4 5 7 8 9 |  9.5
Hexes          | 1 3 4 5 |  5.0
Translocations | 3 4 |  4.9
Fighting       | 4 8 10 12 | 12.1
Dodging        | 4 7 9 10 | 10.5
Maces & Flails | 5 9 12 14 15 | 15.6
Poison Magic   | 3 |  3.7
Fire Magic     | 7 11 12 | 12.5
Stealth        | |  1.7

Action                   |  1- 3 |  4- 6 |  7- 9 | 10-12 | 13-15 | 16-18 || total
-------------------------+-------+-------+-------+-------+-------+-------++-------
Melee: Dagger            |    36 |    64 |    86 |    22 |       |       ||   208
       Tailslap          |     4 |     4 |     7 |    20 |    89 |    77 ||   201
       Unarmed           |     1 |       |       |       |       |       ||     1
       Morningstar       |       |       |       |   184 |   575 |   513 ||  1272
 Cast: Magic Dart        |    49 |    68 |   116 |   139 |   130 |    16 ||   518
       Searing Ray       |     9 |    18 |    29 |    68 |    38 |     9 ||   171
       Dazzling Spray    |     1 |       |     5 |    11 |    35 |    20 ||    72
       Iskenderun's Myst |       |       |    25 |   107 |   195 |    92 ||   419
       Fulminant Prism   |       |       |    12 |    72 |   167 |    31 ||   282
       Force Lance       |       |       |     5 |    67 |   218 |   132 ||   422
       Bolt of Fire      |       |       |       |       |    39 |    67 ||   106
       Blink             |       |       |       |       |     2 |    10 ||    12
Invok: Divine Energy     |       |       |     1 |       |       |       ||     1
Evoke: Wand              |       |       |       |       |       |     3 ||     3
  Use: Scroll            |       |    10 |     4 |    12 |     9 |    18 ||    53
       Potion            |       |       |     2 |     1 |     2 |    18 ||    23
 Stab: Sleeping          |     2 |     3 |     2 |       |     2 |     1 ||    10
       Invisible         |     1 |       |       |     1 |     9 |     4 ||    15
       Petrified         |       |       |       |       |     5 |       ||     5
       Distracted        |       |       |       |       |     4 |       ||     4
  Eat: Chunk             |     3 |    15 |    13 |    33 |    66 |     8 ||   138
       Ration            |     1 |       |     1 |     9 |    18 |    22 ||    51
Armor: Skin              |    35 |    32 |    75 |   191 |   252 |   526 ||  1111
Dodge: Dodged            |    59 |    53 |   119 |   375 |   874 |  1000 ||  2480

Table legend:
 A = Spawn XP
 B = Non-spawn XP
 C = Spawn XP percentage of total XP
 D = Spawn monster count
 E = Non-spawn monster count
 F = Spawn count percentage of total count
 G = Total turns spent on level
                    A         B        C        D         E        F      G
               +---------+---------+-------+---------+---------+-------+---------
         Total |       0 |  221942 |   0.0 |       0 |     970 |   0.0 | 54886
               +---------+---------+-------+---------+---------+-------+---------
           D:1 |       0 |      78 |   0.0 |       0 |      30 |   0.0 |  1891
           D:2 |       0 |     208 |   0.0 |       0 |      23 |   0.0 |  1223
           D:3 |       0 |     137 |   0.0 |       0 |      34 |   0.0 |  1268
           D:4 |       0 |     189 |   0.0 |       0 |      22 |   0.0 |   747
           D:5 |       0 |    1040 |   0.0 |       0 |      20 |   0.0 |  1697
           D:6 |       0 |    1239 |   0.0 |       0 |      25 |   0.0 |  1750
           D:7 |       0 |    1209 |   0.0 |       0 |      28 |   0.0 |  1362
           D:8 |       0 |    4523 |   0.0 |       0 |      42 |   0.0 |  2536
           D:9 |       0 |    6940 |   0.0 |       0 |      42 |   0.0 |  2798
          D:10 |       0 |    4161 |   0.0 |       0 |      48 |   0.0 |  2541
          D:11 |       0 |    6962 |   0.0 |       0 |      52 |   0.0 |  2101
          D:12 |       0 |   10486 |   0.0 |       0 |      46 |   0.0 |  1575
          D:13 |       0 |    9466 |   0.0 |       0 |      36 |   0.0 |  1339
          D:14 |       0 |   18511 |   0.0 |       0 |      47 |   0.0 |  1763
          D:15 |       0 |   20493 |   0.0 |       0 |      42 |   0.0 |  2093
        Lair:1 |       0 |    2896 |   0.0 |       0 |       7 |   0.0 |  1195
        Lair:2 |       0 |    7640 |   0.0 |       0 |      37 |   0.0 |  1538
        Lair:3 |       0 |    5971 |   0.0 |       0 |      17 |   0.0 |  2282
        Lair:4 |       0 |   15894 |   0.0 |       0 |      46 |   0.0 |  3403
        Lair:5 |       0 |   16250 |   0.0 |       0 |      40 |   0.0 |  2784
        Lair:6 |       0 |    9773 |   0.0 |       0 |      30 |   0.0 |  1516
      Spider:1 |       0 |   13433 |   0.0 |       0 |      30 |   0.0 |  1037
      Spider:2 |       0 |    9215 |   0.0 |       0 |      30 |   0.0 |  2429
      Spider:3 |       0 |   22522 |   0.0 |       0 |      40 |   0.0 |  5580
      Spider:4 |       0 |   20035 |   0.0 |       0 |      51 |   0.0 |  2547
         Orc:1 |       0 |    3410 |   0.0 |       0 |      10 |   0.0 |  1014
         Orc:2 |       0 |    9033 |   0.0 |       0 |      89 |   0.0 |  2536
         Sewer |       0 |     228 |   0.0 |       0 |       6 |   0.0 |   215
               +---------+---------+-------+---------+---------+-------+---------
